 Dungeon Crawl Stone Soup version 0.27.0-1-g7a08968 (webtiles) character file.

Game seed: 9204882017343883105

951 Zighole the Covert (level 7, -4/51 HPs)
             Began as a Vampire Ice Elementalist on Aug 6, 2021.
             Slain by a sky beast (5 damage)
             ... on level 6 of the Dungeon.
             The game lasted 00:10:20 (6762 turns).

Zighole the Covert (Vampire Ice Elementalist)       Turns: 6762, Time: 00:10:21

Health: -4/51      AC:  2    Str:  7    XL:     7   Next: 90%
Magic:  5/12       EV: 13    Int: 20    God:
Gold:   265        SH:  0    Dex: 14    Spells: 6/13 levels left

rFire    . . .     SeeInvis +   o - +1 dagger (venom)
rCold    . . .     Faith    .   (no shield)
rNeg     . . .     Spirit   .   a - +0 robe
rPois    .         Reflect  .   (no helmet)
rElec    .         Harm     .   (no cloak)
rCorr    +         Rampage  .   (no gloves)
Will     +....                  (no boots)
Stlth    ++++......             (no amulet)
HPRegen  0.37/turn              n - ring of willpower
MPRegen  0.13/turn              m - ring of resist corrosion

@: confusing by touch, healing quickly
A: alive, fangs 3, see invisible, vampiric 2
a: Exsanguinate


You were on level 6 of the Dungeon.
You visited 2 branches of the dungeon, and saw 7 of its levels.

You collected 265 gold pieces.

Inventory:

Hand Weapons
 i - a +0 dagger
   (You took it off a goblin on level 1 of the Dungeon)
 o - a +1 dagger of venom (weapon)
   (You took it off an orc on level 5 of the Dungeon)
Armour
 a - a +0 robe (worn)
Magical Staves
 e - a staff of conjuration {!a}
   (You found it on level 2 of the Dungeon)
Jewellery
 m - a ring of resist corrosion (right hand)
   (You took it off an orc wizard on level 4 of the Dungeon)
 n - a ring of willpower (left hand)
   (You found it on level 4 of the Dungeon)
Scrolls
 c - a scroll of enchant weapon {unknown}
 d - 2 scrolls of amnesia {unknown}
 f - 6 scrolls of identify {unknown}
 g - a scroll of silence {unknown}
 h - 4 scrolls of teleportation {unknown}
 j - a scroll of magic mapping {unknown}
Potions
 b - 7 potions of curing {unknown}
 k - 4 potions of heal wounds {unknown}
 l - a potion of flight {unknown}
 p - 3 potions of lignification {unknown}


   Skills:
 + Level 2.8 Fighting
 + Level 4.2 Dodging
 - Level 8.0 Stealth
 + Level 3.5 Spellcasting
 + Level 1.7 Conjurations
 - Level 3.0 Hexes
 + Level 5.3 Ice Magic


You had 6 spell levels left.
You knew the following spells:

 Your Spells              Type           Power      Damage    Failure   Level
a - Freeze                Ice            96%        1d11      1%          1
b - Frozen Ramparts       Ice            48%        1d6       4%          3
c - Confusing Touch       Hex            15%        N/A       12%         3

Your spell library contained the following spells:

 Spells                   Type           Power      Damage    Failure   Level
 Ozocubu's Armour         Ice            24%        N/A       4%          3
 Slow                     Hex            15%        N/A       6%          2
 Wereblood                Tmut           3%         N/A       21%         2
 Hailstorm                Conj/Ice       17%        3d6       30%         4
 Yara's Violent Unravell  Hex/Tmut       4%         3d4       90%         5
 Irradiate                Conj/Tmut      3%         3d14      95%         5
 Blade Hands              Tmut           1%         N/A       98%         5
 Dragon Form              Tmut           1%         N/A       100%        7
 Summon Hydra             Summ           1%         N/A       100%        7
 Sublimation of Blood     Necr           Unusable   N/A       N/A         2

Dungeon Overview and Level Annotations

Branches:
Dungeon (6/15)             Temple (1/1) D:5

Altars:
Ashenzari
Dithmenos
Elyvilon
Fedhas
Hepliaklqana
Kikubaaqudgha
Makhleb
Nemelex Xobeh
Okawaru
Ru
Sif Muna
Vehumet
Wu Jian
Yredelemnul
Zin
The Shining One

Shops:
D:4 (


Innate Abilities, Weirdness & Mutations

Your natural rate of healing is accelerated.
You have razor-sharp teeth.
You have supernaturally acute eyesight. (SInv)
You are afflicted with vampirism and can become a bat while bloodless.


Message History

You hit Menkaure but do no damage. Menkaure closely misses you.
You hit Menkaure. You hit Menkaure but do no damage. Menkaure hits you!!
You hit Menkaure but do no damage. You hit Menkaure.
Menkaure closely misses you.
You catch the helpless Menkaure completely off-guard!
You puncture Menkaure!
You destroy Menkaure!
Training target 8.0 for Stealth reached!
Your Stealth skill increases to level 8!
You now have 265 gold pieces (gained 11).
Found 8 gold pieces.
Found an inky potion.
A skeleton and a howler monkey come into view.
The centaur skeleton moves out of view.
Found a scale mail.
A howler monkey is nearby!
A sky beast comes into view.
Found a long sword.
Aim: a howler monkey (asleep)
You freeze the howler monkey!
The howler monkey howls!
The howler monkey barely misses you. The sky beast hits you.
The sky beast shocks you. The howler monkey barely misses you.
Aim: a howler monkey (heavily wounded)
You freeze the howler monkey! The howler monkey hits you.
The sky beast hits you. The sky beast shocks you.
Aim: a howler monkey (almost dead)
You freeze the howler monkey!
You kill the howler monkey!
The sky beast hits you. The sky beast shocks you.
* * * LOW HITPOINT WARNING * * *
Aim: a sky beast You freeze the sky beast!
The sky beast hits you.
* * * LOW HITPOINT WARNING * * *
The sky beast shocks you.
* * * LOW HITPOINT WARNING * * *
Aim: a sky beast (moderately wounded)
You freeze the sky beast. The sky beast hits you.
* * * LOW HITPOINT WARNING * * *
The sky beast shocks you.
* * * LOW HITPOINT WARNING * * *
Your hands begin to glow red.
The sky beast misses you.
You closely miss the sky beast. The sky beast hits you.
* * * LOW HITPOINT WARNING * * *
The sky beast shocks you.
* * * LOW HITPOINT WARNING * * *
You hit the sky beast but do no damage. The sky beast hits you.
You die...

..... ..... ....# .....
#.. .....# ### ###.
..... ..# ###... . ...
#.# ######..... ...
#.###.###...#......
.....#.....##...........
#.....@...#.......#..<.
.......Y#..#.......#....
........!..........#....
............$.....#.....
.........##.............
).......................
..........#.............
..........#.............
...[.# #$........#.##


You could see a sky beast.

Vanquished Creatures
  Menkaure (D:6)
  A sky beast (D:6)
  An ice beast (D:6)
  An ogre (D:5)
  2 scorpions
  A water moccasin zombie (D:5)
  A howler monkey (D:6)
  A jelly (D:6)
  An orc priest (D:4)
  A bullfrog skeleton (D:3)
  2 iguanas
  An orc wizard (D:4)
  Natasha (thrice) (D:4)
  2 adders
  A shadow imp (D:5)
  2 worms (D:3)
  2 dart slugs
  5 orcs
  7 endoplasms
  8 giant cockroaches
  7 goblins
  7 hobgoblins
  4 jackals
  8 quokkas
  5 ball pythons
  2 bats
  3 frilled lizards (D:1)
  3 kobolds (D:1)
  4 rats
87 creatures vanquished.

Notes
Turn   | Place    | Note
-------+----------+-------------------------------------------
     0 | D:1      | Zighole the Vampire Ice Elementalist began the quest for
                  | the Orb.
     0 | D:1      | Reached XP level 1. HP: 13/13 MP: 3/3
   315 | D:1      | Reached XP level 2. HP: 19/20 MP: 3/5
  1056 | D:1      | Reached skill level 4 in Stealth
  1187 | D:1      | Gained mutation: You are afflicted with vampirism and can
                  | become a bat while bloodless. [Vampire growth]
  1187 | D:1      | Reached XP level 3. HP: 25/25 MP: 6/6
  1939 | D:2      | Found a faded altar of an unknown god.
  2160 | D:3      | Found a broken altar of Ashenzari.
  2166 | D:3      | Found an ornate altar of the Wu Jian Council.
  2169 | D:3      | Found an ancient bone altar of Kikubaaqudgha.
  2628 | D:3      | Reached skill level 1 in Fighting
  2992 | D:3      | Reached XP level 4. HP: 10/32 MP: 7/7
  3602 | D:4      | Found Duhetok's Antique Weapon Shop.
  3619 | D:4      | Reached skill level 5 in Stealth
  3851 | D:4      | Learned a level 3 spell: Frozen Ramparts
  3855 | D:4      | Learned a level 3 spell: Confusing Touch
  4063 | D:4      | Found a sparkling altar of Nemelex Xobeh.
  4341 | D:4      | Reached XP level 5. HP: 36/37 MP: 4/8
  4460 | D:4      | Reached skill level 1 in Hexes
  4596 | D:4      | Found a blossoming altar of Fedhas.
  4620 | D:4      | Noticed Natasha
  4625 | D:4      | Killed Natasha
  4632 | D:4      | Noticed Natasha
  4637 | D:4      | Killed Natasha
  4638 | D:4      | Reached skill level 6 in Stealth
  5015 | D:4      | Noticed Natasha
  5020 | D:4      | Killed Natasha
  5021 | D:4      | Reached XP level 6. HP: 44/44 MP: 6/10
  5031 | D:5      | Entered Level 5 of the Dungeon
  5198 | D:5      | Found a staircase to the Ecumenical Temple.
  5217 | Temple   | Entered the Ecumenical Temple
  5689 | D:5      | Reached skill level 1 in Conjurations
  5796 | D:5      | Reached XP level 7. HP: 19/50 MP: 8/11
  6184 | D:6      | Reached skill level 7 in Stealth
  6336 | D:6      | Reached skill level 5 in Ice Magic
  6371 | D:6      | Noticed Menkaure
  6674 | D:6      | Killed Menkaure
  6675 | D:6      | Reached skill level 8 in Stealth
  6761 | D:6      | HP: 1/51 [sky beast (5)]
  6762 | D:6      | Slain by a sky beast

Illustrated notes

Levels and vault maps discovered:
D:1:      dpeg_arrival_oval, layout_basic
D:2:      layout_rooms, shapermc_ecumenical_altar_flowoftime
D:3:      cheibrodos_helix_gallery, layout_loops_corners,
          minmay_overflow_temple_star_quad, hangedman_abyss_or_decor_lesser_grid
D:4:      minmay_skewed_foursquare, layout_basic, nemelex_diamond_rough_becter,
          mainiacjoe_overflow_alcove_1, kennysheep_mini, portal_sewer_entry_f,
          chequers_serial_rivers_micro_e, nicolae_take_the_stairs,
          minmay_misc_feat_five, abandoned_shop, corexii_corridor_pit,
          uniq_natasha
D:5:      layout_rooms, temple_pool_b
D:6:      layout_rooms, trog_wizard, uniq_menkaure, uniq_blork_the_orc
Temple:   dpeg_chambers_temple

Skill      XL: |  1  2  3  4  5  6  7 |
---------------+----------------------+-----
Stealth        | 4 5 6 8 |  8.0
Fighting       | 1 2 |  2.8
Dodging        | 3 4 |  4.2
Hexes          | 1 2 3 |  3.0
Spellcasting   | 3 |  3.5
Conjurations   | 1 |  1.7
Ice Magic      | 5 |  5.3

Action                   |  1- 3 |  4- 6 |  7- 9 || total
-------------------------+-------+-------+-------++-------
Melee: Unarmed           |    16 |       |       ||    16
       Bite              |    12 |     3 |     3 ||    18
       Dagger            |    58 |    40 |    35 ||   133
 Cast: Freeze            |    64 |    75 |    15 ||   154
       Confusing Touch   |       |     1 |     4 ||     5
 Stab: Sleeping          |     1 |       |       ||     1
       Confused          |       |       |     3 ||     3
Armor: Robe              |    22 |     6 |       ||    28
Dodge: Dodged            |    72 |    57 |    25 ||   154
